Map: Frozen Temple

Players

Miszu

  • Race: Terran Terran
  • League: Master

ChampgnePapi - Winner!

  • Race: Terran Terran
  • League: Grandmaster

VOD

Have the link to the VOD?

Description

Time

  • Played on: April 17, 2016, 4:52 p.m.
  • Length: 13:33
Show
View Real Time Build Order
Export as new Build Order

Miszu Terran 

Build Orders: Reaper Expand, Bio Tank 

Get SALT Encoding   

  12  0:00  SCV  
  13  0:13  SCV  
  14  0:17  Supply Depot  
  14  0:25  SCV  
  15  0:39  SCV  
  15  0:40  Barracks  
  16  0:44  Refinery  
  16  0:51  SCV  
  17  1:03  SCV  
  18  1:15  SCV  
  19  1:27  Orbital Command  
  19  1:28  Reaper  
  20  1:41  Command Center  
  20  1:49  Supply Depot  
  20  1:53  SCV  
  21  2:02  Refinery  
  21  2:05  SCV  
  21  2:06  Barracks Reactor  
  22  2:17  SCV  
  23  2:29  SCV  
  24  2:31  Factory  
  24  2:42  Marine x2  
  26  2:45  SCV  
  27  2:55  Orbital Command  
  27  2:57  SCV  
  28  3:02  Marine x2  
  29  3:09  SCV  
  29  3:12  Orbital Command  
  30  3:19  Starport, Factory Tech Lab  
  30  3:22  SCV  
  30  3:25  Marine x2  
  33  3:34  SCV  
  34  3:37  SCV  
  38  3:43  Supply Depot  
  38  3:45  Marine x2  
  38  3:46  SCV  
  41  3:50  SCV  
  41  3:52  Refinery  
  42  3:58  SCV  
  42  4:02  SCV  
  41  4:04  Command Center  
  41  4:10  SCV  
  41  4:14  Marine, SCV  
  41  4:15  Marine  
  45  4:22  SCV  
  45  4:23  Barracks  
  46  4:24  Barracks  
  46  4:26  SCV  
  46  4:27  Starport Reactor  
  46  4:30  Siege Tank  
  50  4:34  Refinery, SCV  
  50  4:37  Supply Depot  
  50  4:38  SCV  
  52  4:46  SCV  
  52  4:50  SCV  
  54  4:56  Marine  
  54  4:59  SCV  
  56  5:02  SCV  
  56  5:04  Engineering Bay x2  
  56  5:05  Medivac  
  60  5:09  Siege Tank  
  60  5:11  SCV  
  60  5:13  Barracks Tech Lab  
  62  5:14  Barracks Tech Lab  
  62  5:15  SCV  
  63  5:23  SCV  
  63  5:25  Orbital Command  
  63  5:27  SCV  
  65  5:30  Marine x2  
  65  5:33  Stimpack, Combat Shields  
  65  5:35  SCV  
  68  5:38  Terran Infantry Weapons Level 1  
  68  5:39  Terran Infantry Armor Level 1, SCV  
  69  5:46  Siege Tank  
  69  5:47  SCV  
  69  5:48  Medivac  
  75  5:50  Medivac, Orbital Command  
  77  6:04  Supply Depot  
  77  6:06  Supply Depot  
  77  6:07  SCV  
  77  6:08  Barracks  
  77  6:09  Barracks  
  77  6:11  Marine  
  77  6:12  SCV  
  77  6:15  Marine  
  77  6:20  Marine  
  77  6:22  Marine  
  76  6:26  Siege Tank  
  76  6:29  Marine  
  76  6:30  Supply Depot  
  76  6:31  Supply Depot, Medivac, Armory  
  81  6:33  Marine  
  81  6:34  Medivac  
  81  6:38  Marine, SCV  
  81  6:39  SCV x2  
  88  6:40  Marine  
  89  6:50  SCV  
  89  6:51  Marine x2, SCV x2  
  94  6:54  Supply Depot  
  94  7:03  SCV x2  
  94  7:16  Barracks Reactor x2  
  94  7:17  Marine x4  
  94  7:18  Siege Tank  
  101  7:24  Sensor Tower  
  101  7:25  Refinery  
  101  7:26  Refinery, Medivac x2  
  101  7:27  Supply Depot  
  105  7:31  SCV  
  105  7:32  SCV x2  
  105  7:34  Marine  
  105  7:35  Supply Depot, Marine  
  110  7:37  Factory  
  110  7:40  Marine x2  
  110  7:43  SCV  
  113  7:44  SCV  
  113  7:48  Supply Depot  
  113  7:50  Supply Depot  
  114  7:52  Marine x2  
  114  7:56  Marine  
  114  7:57  Marine x3  
  114  7:58  Marine x2  
  119  8:04  SCV  
  119  8:05  SCV  
  117  8:10  Marine x2, SCV  
  119  8:14  Marine  
  119  8:15  Marine x3  
  119  8:16  SCV  
  119  8:19  SCV  
  125  8:22  SCV  
  125  8:25  Factory, Supply Depot  
  125  8:26  Supply Depot  
  126  8:29  SCV  
  127  8:34  Marine, Siege Tank  
  118  8:51  Marine  
  118  8:52  Marine x7  
  125  9:07  Hellion, Medivac x2  
  125  9:09  Marine  
  132  9:10  Marine x3  
  135  9:19  Marine x4  
  135  9:20  Factory Tech Lab  
  135  9:22  Supply Depot  
  135  9:23  Supply Depot, Factory Tech Lab  
  139  9:26  Terran Vehicle Weapons Level 1  
  139  9:27  Marine x2  
  139  9:28  Marine x2, Hellion  
  145  9:37  Marine  
  146  9:38  Siege Tank  
  121  10:03  Marine x8  
  121  10:07  Siege Tank x2  
  114  10:21  Marine x7  
  113  10:25  SCV  
  113  10:26  SCV  
  113  10:27  SCV  
  114  10:34  Siege Tank  
  114  10:35  Marine  
  114  10:37  SCV  
  114  10:39  Siege Tank x2, SCV x2  
  124  10:49  Engineering Bay, SCV  
  125  10:50  Engineering Bay  
  125  10:53  Medivac x2  
  129  11:03  SCV x3  
  132  11:06  Siege Tank  
  135  11:11  Siege Tank x2  
  135  11:14  Marine  
  135  11:15  Marine x3, SCV x3  
  147  11:24  Marine  
  146  11:26  Medivac x2  
  148  11:38  Siege Tank  
  145  11:43  Siege Tank  
  121  12:10  Siege Tank  
  118  12:15  Siege Tank  
  118  12:17  Marine x2  
  119  12:32  Marine x4  
  119  12:34  Marine  
  119  12:35  Marine  
  113  12:48  Sensor Tower, Siege Tank x2  
  113  12:49  Marine  
  113  12:50  Marine x3  
  123  12:52  Marine, Barracks  
  123  12:53  Marine  
  123  12:56  Barracks  
  111  13:07  Marine  
  111  13:08  Marine x3  
  111  13:10  Marine  
  111  13:11  Marine  
Show
View Real Time Build Order
Export as new Build Order

ChampgnePapi Terran - Winner!

Build Orders: Reaper Expand, Bio Tank 

Get SALT Encoding   

  12  0:01  SCV  
  13  0:13  SCV  
  14  0:18  Supply Depot  
  14  0:25  SCV  
  15  0:39  SCV  
  15  0:40  Barracks  
  16  0:45  Refinery  
  16  0:51  SCV  
  17  1:04  SCV  
  18  1:16  SCV  
  19  1:28  Orbital Command  
  19  1:29  Reaper  
  20  1:45  Command Center  
  20  1:55  SCV  
  20  1:56  Supply Depot  
  20  2:01  Marine  
  22  2:07  Factory  
  22  2:11  SCV  
  23  2:17  Refinery  
  23  2:19  Marine  
  24  2:23  SCV  
  25  2:35  SCV  
  26  2:42  Barracks Reactor  
  26  2:47  SCV  
  26  3:00  Widow Mine  
  26  3:03  Starport  
  26  3:04  Orbital Command  
  28  3:06  SCV  
  29  3:18  Marine x2, SCV  
  32  3:29  Command Center  
  32  3:30  SCV x2  
  32  3:33  Factory Tech Lab  
  34  3:38  Marine x2  
  36  3:42  SCV  
  36  3:44  SCV  
  38  3:49  Viking  
  38  3:55  Supply Depot  
  40  3:58  Marine x2  
  40  3:59  SCV  
  40  4:00  SCV  
  44  4:12  Supply Depot  
  44  4:13  SCV x2  
  44  4:17  Siege Tank  
  49  4:18  Marine x2  
  49  4:22  Viking  
  53  4:26  SCV  
  54  4:35  SCV  
  54  4:37  Marine x2  
  57  4:39  SCV  
  57  4:41  Orbital Command  
  58  4:47  SCV  
  58  4:51  SCV  
  60  4:59  SCV  
  60  5:00  Siege Tank  
  60  5:03  SCV  
  60  5:05  Supply Depot x2  
  60  5:06  Medivac x2  
  68  5:07  Barracks Tech Lab  
  68  5:17  Refinery, SCV x2  
  68  5:18  Refinery  
  70  5:25  Marine  
  70  5:26  Barracks  
  70  5:27  Barracks, Orbital Command  
  71  5:32  SCV x2  
  75  5:36  Stimpack  
  72  5:42  Marine  
  72  5:47  Engineering Bay  
  72  5:48  Engineering Bay  
  73  5:53  Barracks, SCV x2  
  73  5:54  Barracks  
  73  5:55  Siege Tank  
  78  5:59  Starport Reactor  
  78  6:00  Marine  
  79  6:07  SCV x2  
  81  6:17  Barracks Reactor  
  81  6:18  Terran Infantry Weapons Level 1  
  81  6:21  Terran Infantry Armor Level 1  
  80  6:28  Marine x3  
  80  6:30  Siege Tank, SCV x2  
  80  6:31  SCV  
  89  6:36  Supply Depot  
  89  6:37  Supply Depot x2  
  89  6:41  Barracks Reactor x2  
  89  6:42  SCV x2  
  89  6:43  SCV  
  89  6:46  Marine  
  93  6:51  Refinery  
  93  6:58  Marine x4, Medivac x2  
  93  7:00  SCV x3  
  104  7:04  Marine  
  104  7:07  Siege Tank  
  108  7:12  SCV x3  
  111  7:15  Marine x2  
  111  7:16  Marine x2  
  111  7:17  Marine x2  
  111  7:21  Supply Depot  
  117  7:23  Armory  
  117  7:25  Marine x3  
  117  7:28  Medivac, SCV x3  
  125  7:35  Barracks  
  125  7:38  Barracks  
  125  7:39  Supply Depot  
  125  7:42  Marine x4  
  125  7:43  Supply Depot, Marine  
  130  7:44  Supply Depot  
  130  7:46  Siege Tank  
  133  7:52  Medivac  
  133  7:54  Combat Shields  
  133  7:56  Marine  
  133  7:57  Marine x2  
  138  8:02  SCV x2  
  138  8:03  Marine x2  
  138  8:04  Marine  
  138  8:05  Marine x2  
  143  8:06  Marine  
  143  8:14  Marine x2  
  143  8:17  Medivac  
  143  8:18  Siege Tank  
  150  8:20  Marine  
  150  8:21  Marine x2  
  150  8:22  Medivac  
  150  8:25  Barracks Reactor, Refinery  
  150  8:26  Barracks Reactor  
  155  8:37  Marine x2  
  155  8:38  Marine  
  155  8:39  Marine  
  155  8:46  Marine  
  153  8:51  Siege Tank  
  153  8:53  Medivac x2  
  152  8:56  Marine x3  
  152  8:57  Marine x2  
  152  9:00  Marine  
  153  9:04  Marine x2  
  153  9:10  Marine x2  
  153  9:11  Marine x3  
  153  9:14  Terran Infantry Armor Level 2, Marine, Terran Infantry Weapons Level 2  
  159  9:17  Factory, Marine x2  
  159  9:23  Marine  
  162  9:24  Marine x2  
  162  9:27  Marine, Sensor Tower  
  165  9:38  Marine x8  
  173  9:41  Siege Tank  
  173  9:42  Marine x4  
  173  9:45  Marine  
  181  9:52  Medivac  
  177  9:56  Marine x3  
  177  9:59  Marine  
  161  10:01  Marine x3  
  161  10:04  Factory Tech Lab  
  161  10:06  Marine x2  
  164  10:07  Marine  
  164  10:08  Command Center  
  164  10:09  Marine x2  
  164  10:13  Siege Tank  
  169  10:20  Medivac  
  166  10:22  Marine x2, Medivac  
  166  10:23  Terran Vehicle Weapons Level 1  
  166  10:24  Marine x3  
  166  10:25  Marine x4  
  175  10:32  Marine x2  
  169  10:38  Marine, Siege Tank  
  169  10:40  Marine x2  
  169  10:41  Marine  
  176  10:45  Siege Tank  
  176  10:47  Marine x2  
  181  10:56  Supply Depot, Marine x5  
  186  11:03  Marine x4  
  190  11:10  Siege Tank  
  193  11:15  Marine x3  
  193  11:17  Marine x2  
  198  11:28  Marine  
  197  11:34  Marine x3  
  197  11:35  Marine  
  200  11:46  Marine x3  
  199  12:00  Marine x2  
  187  12:03  Marine  
  187  12:04  Marine x5  
  187  12:06  Siege Tank  
  187  12:07  Siege Tank  
  191  12:13  Marine x2, Medivac x2  
  191  12:15  Marine x3  
  178  12:18  Marine x2  
  177  12:24  Marine x3  
  177  12:25  Marine  
  177  12:27  Marine  
  182  12:31  Marine  
  175  12:38  Marine x4  
  175  12:39  Siege Tank x2  
  175  12:42  Marine x2  
  187  12:45  Planetary Fortress  
  187  12:46  Marine x2  
  187  12:47  Marine  
  187  12:51  Marine  
  187  12:52  Marine x2  
  187  12:53  Marine  
  187  12:57  Marine x2  
  193  13:01  Marine x2  
  193  13:06  Marine x2  
  193  13:11  Marine  
  200  13:13  Command Center  
Tags
 
Add a new tag
Caveats
  • Supply blocks, unpowered buildings, or Contaminate may cause inaccurate times.
  • Supply counts are checked every 10 seconds.